 Dungeon Crawl Stone Soup version 0.27-a0-1590-g15f69828bf (webtiles) character file.

Game seed: 9719404046878819634

48400 mandarbmax the Slicer (level 14, 0/74 HPs)
             Began as a Vine Stalker Fighter on July 18, 2021.
             Was a Priest of Uskayaw.
             Slain by an orc knight (28 damage)
             ... on level 2 of the Orcish Mines.
             The game lasted 00:41:52 (14062 turns).

mandarbmax the Slicer (Vine Stalker Fighter)       Turns: 14062, Time: 00:41:52

Health: 0/74       AC: 29    Str: 36    XL:     14   Next: 46%
Magic:  0/22       EV: 11    Int:  5    God:    Uskayaw [***...]
Gold:   603        SH: 21    Dex: 14    Spells: 13/13 levels left

rFire    . . .     SeeInvis .   o - +6 rapier (venom)
rCold    . . .     Faith    .   P - +3 kite shield {AC+3}
rNeg     + + .     Spirit   +   V - +0 storm dragon scales
rPois    .         Reflect  +   t - +2 helmet
rElec    +         Harm     .   X - +2 cloak
rCorr    .         Rampage  .   S - +2 pair of gloves of Hairiness {Contam rElec rN++ Int-3}
Will     +....                  q - +2 pair of boots {Fly}
Stlth    +.........             c - amulet of reflection
HPRegen  1.22/turn              f - +6 ring of strength
MPRegen  0.18/turn              p - +6 ring of strength

@: about to teleport, flying
A: fangs 3, regeneration 1, magic shield, antimagic bite, no potion heal 2
a: Renounce Religion, Stomp, Line Pass


You were on level 2 of the Orcish Mines.
You worshipped Uskayaw.
Uskayaw was aware of your devotion.
You visited 4 branches of the dungeon, and saw 20 of its levels.
You also visited: Gauntlet.

You collected 1589 gold pieces.
You spent 986 gold pieces at shops.

Inventory:

Hand Weapons
 o - a +6 rapier of venom (weapon)
 x - a +2 dagger of speed
 H - a +1 dagger of electrocution
Missiles
 d - 4 curare-tipped darts
Armour
 q - a +2 pair of boots of flying (worn)
 t - a +2 helmet (worn)
 E - the -1 pair of gloves of Niratz {rElec Will- Stlth+}
   (You bought it in a shop on level 4 of the Dungeon)

   rElec:     It insulates you from electricity.
   Will:      It decreases your willpower.
   Stlth:     It makes you more stealthy.
 I - a +0 plate armour of cold resistance
 P - a +3 kite shield of protection (worn)
 S - the +2 pair of gloves of Hairiness (worn) {Contam rElec rN++ Int-3}
   (You found it in a Gauntlet)

   Int:       It affects your intelligence (-3).
   rElec:     It insulates you from electricity.
   rN:        It greatly protects you from negative energy.
   Contam:    It causes magical contamination when unequipped.
 U - a +0 helmet of intelligence
 V - +0 storm dragon scales (worn)
 X - a +2 cloak (worn)
Jewellery
 c - an amulet of reflection (around neck)
 f - a +6 ring of strength (left hand)
 p - a +6 ring of strength (right hand)
 u - a ring of protection from fire
 G - a +4 ring of protection
 L - a ring of resist corrosion
 O - the ring "Neatwiom" {Wiz Dex+4}
   (You found it in a Gauntlet)

   [ring of wizardry]

   It improves your spell success rate.
   Dex:       It affects your dexterity (+4).
 Q - a +4 ring of evasion
 Y - a ring of see invisible
Wands
 b - a wand of mindburst (6)
 v - a wand of digging (9)
 B - a wand of acid (14)
 J - a wand of charming (5)
 T - a wand of iceblast (11) (quivered)
Scrolls
 h - a scroll of immolation
 i - a scroll of acquirement {unknown}
 j - 9 scrolls of teleportation
 k - 5 scrolls of amnesia
 n - 3 scrolls of blinking
 s - a scroll of brand weapon
 w - 2 scrolls of fear
 y - a scroll of fog
 z - a scroll of summoning {unknown}
 N - a scroll of silence
 R - a scroll of magic mapping
 W - a scroll of torment {unknown}
Potions
 a - a potion of flight
 e - 3 potions of attraction
 l - 5 potions of curing
 m - 3 potions of mutation
 r - 4 potions of brilliance
 D - a potion of lignification
 F - 2 potions of magic
 M - 2 potions of cancellation
Miscellaneous
 A - a phial of floods (inert)
 C - a tin of tremorstones (1/2)


   Skills:
 + Level 8.8 Fighting
 - Level 11.0 Short Blades
 + Level 7.5 Armour
 + Level 7.5 Dodging
 + Level 7.7 Stealth
 - Level 9.0 Shields
 - Level 10.0 Invocations
 - Level 6.0 Evocations


You had 13 spell levels left.
You didn't know any spells.
Your spell library contained the following spells:

 Spells                   Type           Power      Damage    Failure   Level
 Corona                   Hex            0%         N/A       99%         1
 Magic Dart               Conj           0%         1d3       99%         1
 Corpse Rot               Necr/Air       N/A        N/A       99%         2
 Ensorcelled Hibernation  Hex/Ice        0%         N/A       99%         2
 Passwall                 Tmut/Erth      0%         N/A       99%         2
 Searing Ray              Conj           0%         3d3       99%         2
 Swiftness                Air            0%         N/A       100%        3
 Tukima's Dance           Hex            0%         N/A       100%        3
 Dispel Undead            Necr           0%         3d6       100%        4
 Fulminant Prism          Conj/Hex       0%         3d6       100%        4
 Iskenderun's Mystic Bla  Conj/Tloc      0%         2d3       100%        4
 Leda's Liquefaction      Hex/Erth       0%         N/A       100%        4
 Passage of Golubria      Tloc           N/A        N/A       100%        4
 Borgnjor's Vile Clutch   Necr/Erth      0%         N/A       100%        5
 Lee's Rapid Deconstruct  Erth           0%         3d5*      100%        5
 Yara's Violent Unravell  Hex/Tmut       0%         3d3       100%        5
 Death Channel            Necr           0%         N/A       100%        6
 Eringya's Noxious Bog    Tmut/Pois      0%         N/A       100%        6
 Invisibility             Hex            0%         N/A       100%        6


Dungeon Overview and Level Annotations

Branches:
Dungeon (11/15)            Temple (1/1) D:4            Lair (6/6) D:10
  Swamp (0/4) Lair:2       Spider (0/4) Lair:3        Slime (0/5) Lair:5
    Orc (2/2) D:9         Gauntlet (visited)
    Elf: Orc:2

Altars:
Ashenzari
Cheibriados
Dithmenos
Elyvilon
Fedhas
Gozag
Hepliaklqana
Kikubaaqudgha
Makhleb
Nemelex Xobeh
Okawaru
Qazlal
Ru
Sif Muna
Trog
Uskayaw
Vehumet
Wu Jian
Xom
Yredelemnul
Zin
The Shining One
Jiyva

Shops:
D:4 [   D:8 *   D:9 *   D:10 =   Orc:1 [

Annotations:
Lair:5 2 transporters, ew1980's ghost, journeyman GnAr
Lair:6 1 runed translucent door


Innate Abilities, Weirdness & Mutations

You have razor-sharp teeth.
Your natural rate of healing is unusually fast.
When hurt, damage is shared between your health and your magic reserves.
Your bite disrupts and absorbs the magic of your enemies.
Potions cannot restore your health.


Message History

The tremorstone explodes into fragments!
The burst of rock shards engulfs the orc warrior but does no damage.
The burst of rock shards engulfs the soul eater but does no damage.
The burst of rock shards engulfs the orc high priest!
The burst of rock shards engulfs the orc priest!!
You kill the orc priest!
You hear a splash.
The burst of rock shards engulfs the orc knight!
The burst of rock shards engulfs the smoke demon!
The burst of rock shards engulfs the orc knight.
The burst of rock shards engulfs the orc priest!!
You kill the orc priest!
You hear a splash.
The burst of rock shards engulfs the orc knight!
The burst of rock shards engulfs the orc warrior.
The burst of rock shards engulfs the orc knight.
The burst of rock shards engulfs the smoke demon!!
The burst of rock shards engulfs the orc high priest!!
The burst of rock shards engulfs the orc warrior but does no damage.
The burst of rock shards engulfs the soul eater but does no damage.
The burst of rock shards engulfs the orc warrior.
The burst of rock shards engulfs the red devil!
The burst of rock shards engulfs the orc knight! x2
The burst of rock shards engulfs the orc high priest!!
The burst of rock shards engulfs the smoke demon!
You kill the smoke demon!
The burst of rock shards engulfs the orc high priest!!
The burst of rock shards engulfs the orc warrior but does no damage.
The burst of rock shards engulfs the soul eater but does no damage.
The burst of rock shards engulfs the orc warrior!
The burst of rock shards engulfs the red devil!
The burst of rock shards engulfs the orc knight.
The burst of rock shards engulfs the orc knight!
The burst of rock shards engulfs the orc high priest!!
You hear a shout!
An orc priest comes into view. It is wielding a +0 flail.
The soul eater draws from the surrounding life force!
An orc priest comes into view. It is wielding a +2 dagger of draining.
The orc knight hits you with a +0 battleaxe!!!
You die... .oo.o

.# #4oo ..#
.)≈≈ ..# #≈o
#o. o)3≈.o
##o#o##
#.oo..#
###@#.###
##.......##
#..#...#..#
##.........##
#...#...#...#
##...........#
#....#...#....
#.............
#....#...#....


You could see 5 orc knights, a soul eater (summoned), 2 orc high priests, a red
devil (summoned), 3 orc warriors and 3 orc priests.

Vanquished Creatures
  Rupert (Lair:6)
  A minotaur (Gauntlet)
  Fannar (D:10)
  A boulder beetle (Lair:6)
  7 hydras
  A centaur warrior (D:10)
  Urug (Lair:4)
  An orc high priest (Orc:2)
  Sonja (Lair:5)
  A fire crab (Gauntlet)
  A skeletal warrior (D:10)
  Pikel (D:6)
  A lindwurm (Lair:6)
  3 orc knights
  2 cyclopes (D:10)
  A deep elf pyromancer (D:10)
  An orc sorcerer (Orc:1)
  A wolf spider (Lair:6)
  An ugly thing (D:10)
  A moth of wrath (Gauntlet)
  6 elephants
  A black mamba (Lair:2)
  3 cane toads
  3 rime drakes
  5 torpor snails (Lair:6)
  6 komodo dragons
  11 polar bears
  4 tyrant leeches (Lair:6)
  6 hornets (Lair:6)
  Grinder (D:3)
  10 blink frogs
  A slime creature (D:10)
  A raiju (Lair:6)
  8 dream sheep (Lair:6)
  A meliai zombie (D:10)
  2 wyverns (D:7)
  Sigmund (D:5)
  A wraith (D:8)
  Eustachio (D:4)
  3 basilisks
  11 yaks
  A steam dragon (D:8)
  3 fire bats (Gauntlet)
  A chaos spawn (Gauntlet)
  A neqoxec (Gauntlet)
  6 wargs
  7 water moccasins
  Duvessa (D:7)
  17 hell hounds
  17 orc warriors
  14 black bears
  8 necrophages
  3 ogres
  17 wolves
  4 centaurs
  2 phantoms
  A kobold brigand (D:10)
  10 bullfrogs
  Dowan (D:7)
  3 wights (D:6)
  2 centaur zombies
  A hound (D:4)
  28 orc priests
  A jelly (D:8)
  A centaur skeleton (D:5)
  3 iguanas
  Terence (D:3)
  23 orc wizards
  5 hell rats (Lair:5)
  A hound zombie (D:5)
  A mummy (D:5)
  A howler monkey zombie (D:9)
  8 gnolls
  7 adders
  2 shadow imps
  A white imp (D:8)
  An ufetubus (D:5)
  2 worms (D:3)
  2 dart slugs
  66 orcs
  6 ball pythons
  5 bats
  11 endoplasms
  2 giant cockroaches
  9 hobgoblins
  7 jackals (D:4)
  9 kobolds
  2 quokkas
  7 frilled lizards
  13 goblins
  A hobgoblin zombie (D:5)
  2 kobold zombies (D:5)
  An orc zombie (D:5)
  2 rats (D:1)
466 creatures vanquished.

Vanquished Creatures (others)
  4 fungi
  17 plants
  A withered plant (Gauntlet)
22 creatures vanquished.

Grand Total: 488 creatures vanquished

Notes
Turn   | Place    | Note
-------+----------+-------------------------------------------
     0 | D:1      | mandarbmax the Vine Stalker Fighter began the quest for the
                  | Orb.
     0 | D:1      | Reached XP level 1. HP: 11/11 MP: 2/2
   149 | D:1      | Reached skill level 2 in Short Blades
   162 | D:1      | Reached XP level 2. HP: 5/16 MP: 0/3
   626 | D:1      | Reached XP level 3. HP: 19/19 MP: 4/4
  1635 | D:3      | Found a burning altar of Makhleb.
  1652 | D:3      | Gained mutation: Your natural rate of healing is unusually
                  | fast. [Vine Stalker growth]
  1652 | D:3      | Reached XP level 4. HP: 24/24 MP: 5/5
  1734 | D:3      | Found an ancient bone altar of Kikubaaqudgha.
  1754 | D:3      | Noticed Grinder
  1754 | D:3      | Paralysed by Grinder for 2 turns
  1763 | D:3      | Noticed Terence
  1767 | D:3      | Killed Grinder
  1768 | D:3      | Reached skill level 4 in Short Blades
  1768 | D:3      | Reached XP level 5. HP: 28/28 MP: 6/6
  1768 | D:3      | Reached XP level 6. HP: 32/32 MP: 7/7
  1772 | D:3      | Killed Terence
  2202 | D:3      | Found a faded altar of an unknown god.
  2446 | D:4      | Found a staircase to the Ecumenical Temple.
  2468 | Temple   | Entered the Ecumenical Temple
  2652 | D:4      | Reached skill level 5 in Short Blades
  2652 | D:4      | Reached XP level 7. HP: 35/36 MP: 6/8
  2700 | D:4      | Found Nusmuked's Antique Armour Boutique.
  2707 | D:4      | Bought a pair of runed boots for 157 gold pieces
  2963 | D:4      | Noticed Eustachio
  2971 | D:4      | Killed Eustachio
  2972 | D:4      | Reached skill level 6 in Short Blades
  3083 | D:4      | Reached skill level 5 in Shields
  3161 | D:5      | Entered Level 5 of the Dungeon
  3170 | D:5      | Gained mutation: You have razor-sharp teeth. [Vine Stalker
                  | growth]
  3170 | D:5      | Reached XP level 8. HP: 40/40 MP: 9/9
  3249 | D:5      | Found a shadowy altar of Dithmenos.
  3373 | D:5      | Found an opulent altar of Gozag.
  3480 | D:5      | Reached skill level 7 in Short Blades
  3559 | D:5      | Noticed Sigmund
  3568 | D:5      | Killed Sigmund
  3698 | D:6      | Found a basalt altar of Yredelemnul.
  3860 | D:6      | Reached skill level 8 in Short Blades
  3876 | D:6      | Reached XP level 9. HP: 24/44 MP: 10/10
  3945 | D:6      | Noticed Pikel
  3958 | D:6      | Killed Pikel
  3959 | D:6      | Reached skill level 9 in Short Blades
  4513 | D:7      | Found a bloodstained altar of Trog.
  4627 | D:7      | Reached skill level 10 in Short Blades
  4777 | D:7      | Noticed Duvessa
  4777 | D:7      | Noticed Dowan
  4802 | D:7      | Killed Duvessa
  4803 | D:7      | Reached XP level 10. HP: 40/49 MP: 8/11
  4805 | D:7      | Killed Dowan
  5058 | D:8      | Found a radiant altar of Vehumet.
  5084 | D:8      | Found a broken altar of Ashenzari.
  5302 | D:8      | Found Zuaciz's Assorted Antiques.
  5310 | D:8      | Bought a fuming grey potion for 23 gold pieces
  5500 | D:4      | Bought a pair of steaming gloves for 199 gold pieces
  5500 | D:4      | Identified the -1 pair of gloves of Niratz {rElec Will-
                  | Stlth+} (You bought it in a shop on level 4 of the Dungeon)
  5973 | D:8      | Found an iron altar of Okawaru.
  6279 | D:9      | Found a hide-covered altar of Uskayaw.
  6297 | D:9      | Became a worshipper of Uskayaw the Reveller
  6400 | D:9      | Reached * piety under Uskayaw
  6483 | D:9      | Reached ** piety under Uskayaw
  6497 | D:9      | Found a staircase to the Orcish Mines.
  6540 | D:9      | Reached skill level 11 in Short Blades
  6548 | D:9      | Reached *** piety under Uskayaw
  6552 | D:9      | Reached **** piety under Uskayaw
  6556 | D:9      | Reached ***** piety under Uskayaw
  6825 | D:9      | Found Wungoqyp's Lightly-Used Armoury.
  6846 | D:9      | Reached skill level 1 in Dodging
  6989 | D:10     | Entered Level 10 of the Dungeon
  6989 | D:10     | Found Timeuwae's Jewellery Shop.
  7057 | D:10     | Reached skill level 1 in Invocations
  7134 | D:10     | Found a staircase to the Lair.
  7165 | D:10     | Noticed a centaur warrior
  7176 | D:10     | Killed a centaur warrior
  7177 | D:10     | Reached XP level 11. HP: 48/54 MP: 12/14
  7192 | D:10     | Noticed Fannar
  7206 | D:10     | Killed Fannar
  7207 | D:10     | Reached skill level 5 in Fighting
  7256 | D:10     | Noticed a deep elf pyromancer
  7256 | D:10     | Noticed a white ugly thing
  7256 | D:10     | Noticed a cyclops
  7256 | D:10     | Noticed a skeletal warrior
  7256 | D:10     | Noticed a cyclops
  7264 | D:10     | Killed a cyclops
  7265 | D:10     | Killed a deep elf pyromancer
  7265 | D:10     | Killed a cyclops
  7266 | D:10     | Reached skill level 5 in Invocations
  7266 | D:10     | Killed a white ugly thing
  7268 | D:10     | Killed a skeletal warrior
  7279 | D:10     | Noticed an orc knight
  7283 | D:10     | Killed an orc knight
  7705 | D:11     | Noticed a seven-headed hydra
  7719 | Lair:1   | Entered Level 1 of the Lair of Beasts
  8378 | Lair:1   | Noticed a four-headed hydra
  8387 | Lair:1   | Killed a four-headed hydra
  8388 | Lair:1   | Reached XP level 12. HP: 60/60 MP: 18/20
  8603 | Lair:2   | Found a staircase to the Swamp.
  8603 | Lair:2   | Noticed an eight-headed hydra
  8619 | Lair:2   | Killed an eight-headed hydra
  8620 | Lair:2   | Reached skill level 10 in Invocations
  8741 | Lair:2   | Noticed a six-headed hydra
  8748 | Lair:2   | Killed a six-headed hydra
  9223 | Lair:3   | Noticed a four-headed hydra
  9231 | Lair:3   | Killed a four-headed hydra
  9245 | Lair:3   | Found a hole to the Spider Nest.
  9292 | Lair:3   | Reached skill level 1 in Evocations
  9809 | Lair:4   | Noticed a six-headed hydra
  9817 | Lair:4   | Killed a six-headed hydra
  9818 | Lair:4   | Reached skill level 5 in Dodging
 10000 | Lair:4   | Reached skill level 5 in Armour
 10096 | Lair:4   | Noticed Urug
 10103 | Lair:4   | Killed Urug
 10202 | Lair:4   | Noticed an eight-headed hydra
 10213 | Lair:4   | Killed an eight-headed hydra
 10931 | Lair:5   | Found a gate leading to a gauntlet.
 10948 | Gauntlet | Entered a Gauntlet
 10948 | Gauntlet | Found a transporter.
 10962 | Gauntlet | Found a transporter.
 10973 | Gauntlet | Found a transporter.
 10976 | Gauntlet | Found a transporter.
 10982 | Gauntlet | Noticed a reaper
 10984 | Gauntlet | Found a transporter.
 11005 | Gauntlet | Found a transporter.
 11016 | Gauntlet | Found a transporter.
 11027 | Gauntlet | Found a transporter.
 11042 | Gauntlet | Noticed a ghost crab
 11046 | Gauntlet | Found a transporter.
 11060 | Gauntlet | Found a transporter.
 11060 | Gauntlet | Found a transporter.
 11111 | Gauntlet | Found a transporter.
 11128 | Gauntlet | Found a transporter.
 11186 | Gauntlet | Noticed a satyr
 11207 | Gauntlet | Found a transporter.
 11230 | Gauntlet | Reached XP level 13. HP: 61/66 MP: 19/21
 11251 | Gauntlet | Identified the ring "Neatwiom" {Wiz Dex+4}
 11271 | Gauntlet | Reached skill level 1 in Stealth
 11316 | Gauntlet | Identified the +2 pair of gloves of Hairiness {Contam rElec
                  | rN++ Int-3}
 11339 | Gauntlet | Noticed a minotaur
 11351 | Gauntlet | Killed a minotaur
 11363 | Gauntlet | Got the Catalogue of Dusty Toxins
 11623 | D:10     | Bought an amulet of reflection for 480 gold pieces
 11864 | Lair:5   | Found a transporter.
 11867 | Lair:5   | Noticed ew1980's ghost (journeyman GnAr)
 11943 | Lair:5   | Found a viscous altar of Jiyva.
 11943 | Lair:5   | Found a staircase to the Slime Pits.
 12064 | Lair:5   | Noticed Sonja
 12078 | Lair:5   | Killed Sonja
 12142 | Lair:5   | Found a transporter.
 12347 | Lair:6   | Entered Level 6 of the Lair of Beasts
 12367 | Lair:6   | Found an ornate altar of the Wu Jian Council.
 12367 | Lair:6   | Found a hide-covered altar of Uskayaw.
 12833 | Lair:6   | Reached skill level 5 in Stealth
 12851 | Lair:6   | Reached ****** piety under Uskayaw
 12883 | Lair:6   | Reached skill level 5 in Evocations
 13047 | Lair:6   | Reached XP level 14. HP: 68/73 MP: 22/22
 13195 | Lair:6   | Found a runed translucent door.
 13442 | Lair:6   | Noticed Rupert
 13453 | Lair:6   | Killed Rupert
 13728 | Orc:1    | Entered Level 1 of the Orcish Mines
 13728 | Orc:1    | Found Laug Esm's Antique Armour Shop.
 13737 | Orc:1    | Bought an embroidered cloak for 127 gold pieces
 13951 | Orc:2    | Entered Level 2 of the Orcish Mines
 14062 | Orc:2    | Slain by an orc knight

Illustrated notes

Levels and vault maps discovered:
D:1:      psy_arrival_dodecagon, layout_basic, hangedman_decor_diamond_cutter,
          minmay_misc_feat_more_columns
D:2:      layout_loops_ring, kennysheep_generic_room_6
D:3:      layout_loops_ring, bloody_makhleb, overflow_temple_1_default,
          basic_ecumenical_altar, uniq_grinder, uniq_terence
D:4:      layout_basic, minmay_temple_entry_mini_moons, serial_shops,
          kennysheep_little_box, wad_rectangle_vault, uniq_eustachio
D:5:      layout_rooms, old_standard_altar, kennysheep_mini,
          minmay_mini_ossuary, uniq_sigmund
D:6:      layout_rooms, mainiacjoe_overflow_cross_hatched, uniq_pikel
D:7:      layout_basic, trog_book, uniq_duvessa
D:8:      layout_layer_cave, mainiacjoe_overflow_boulevard,
          mainiacjoe_overflow_catwalk, vehumet_crystals, serial_shops, shop,
          kennysheep_doodads, hellmonk_bongcloud_opening, minivault_21
D:9:      layout_loops_ring, eat_drink_and_be_merry_uskayaw, erik_orc_3,
          minmay_shop_damaged
D:10:     minmay_shrinking_squares, layout_cave_pools,
          erik_lair_orcish_takeover, serial_shops, nicolae_stop_n_shop_2,
          uniq_fannar
D:11:     layout_irregular_city
Temple:   minmay_temple_bridge_abc
Lair:1:   layout_cave_pods, grunt_megastairs_3
Lair:2:   layout_roguey, minmay_swamp_entry_reptiles,
          eino_small_chamber_without_monster, grunt_megastairs_1
Lair:3:   layout_chaotic_city, spider_nest_entry_web_field, roderic_carrion_pond
Lair:4:   layout_cave_pods, uniq_urug
Lair:5:   layout_roguey, slime_altar_1, gauntlet_entry_generic,
          gammafunk_ghost_berserking_beasts, uniq_sonja
Lair:6:   wormcave, layout_loops_ring, hangedman_lair_caniforms_friends,
          st_stairs_4, nzn_masters_of_martial_movement, uniq_rupert
Orc:1:    layout_diamond_mine, serial_shops, shop_statue
Orc:2:    st_orc_pillars, layout_caves, gammafunk_ghost_abyssal_escape

Skill      XL: |  1  2  3  4  5  6  7  8  9 10 11 12 13 14 |
---------------+-------------------------------------------+-----
Short Blades   | 2 4 5 6 8 10 11 | 11.0
Shields        | 3 4 5 6 7 9 |  9.0
Fighting       | 3 4 5 6 8 |  8.8
Armour         | 3 5 6 7 |  7.5
Dodging        | 2 3 5 6 7 |  7.5
Invocations    | 3 9 10 | 10.0
Evocations     | 3 5 6 |  6.0
Stealth        | 6 7 |  7.7

Action                   |  1- 3 |  4- 6 |  7- 9 | 10-12 | 13-15 || total
-------------------------+-------+-------+-------+-------+-------++-------
Melee: Rapier            |    77 |    67 |   215 |   347 |   457 ||  1163
       Bite              |    27 |    23 |    83 |   174 |   192 ||   499
Throw: Dart              |       |       |       |       |     1 ||     1
Invok: Line Pass         |       |       |       |     4 |     5 ||     9
       Grand Finale      |       |       |       |       |     4 ||     4
       Stomp             |       |       |       |       |     2 ||     2
Evoke: Wand              |       |       |       |    48 |     6 ||    54
       Phial of floods   |       |       |       |       |     1 ||     1
       Tin of tremorston |       |       |       |       |     1 ||     1
  Use: Potion            |       |     1 |     1 |     2 |     3 ||     7
       Scroll            |       |     2 |     8 |    10 |     8 ||    28
 Stab: Paralysed         |       |       |       |    24 |    36 ||    60
       Confused          |       |       |       |     2 |     1 ||     3
Armor: Scale mail        |    24 |    19 |    61 |    54 |       ||   158
       Plate armour      |       |       |       |    81 |    17 ||    98
       Storm dragon scal |       |       |       |       |   147 ||   147
Dodge: Dodged            |    23 |    11 |    49 |    72 |   116 ||   271
Block: Kite shield       |    37 |    34 |   108 |   178 |   370 ||   727
       Reflection        |       |       |       |       |     6 ||     6

Table legend: (Time is in decaauts)
 A = Elapsed time spent in this place.
 B = Non-inter-level travel time spent in this place.
 C = Inter-level travel time spent in this place.
 D = Time resting spent in this place.
 E = Time spent auto-exploring this place.
 F = Levels seen in this place.
 G = Mean time per level.
                   A        B        C        D        E       F      G
               +--------+--------+--------+--------+--------+-----+--------+
         Total |  13932 |  12864 |   1068 |    705 |   9580 |  21 |  663.4 |
       Dungeon |   7613 |   7059 |    554 |    467 |   5239 |  11 |  692.1 |
        Temple |    176 |    156 |     20 |      0 |    144 |   1 |  176.0 |
          Lair |   5388 |   4899 |    489 |    238 |   3860 |   6 |  898.0 |
  Orcish Mines |    311 |    307 |      4 |      0 |    120 |   2 |  155.5 |
      Gauntlet |    441 |    441 |      0 |      0 |    216 |   1 |  441.0 |
               +--------+--------+--------+--------+--------+-----+--------+

Top non-repeatable levels by time:
  Lair:6: 1211 daAuts
  Lair:4: 1137 daAuts
     D:1: 1053 daAuts
     D:8: 1044 daAuts
  Lair:1: 918 daAuts
  Lair:5: 787 daAuts
     D:3: 785 daAuts
     D:7: 772 daAuts
    D:10: 752 daAuts
     D:9: 725 daAuts
  Lair:3: 672 daAuts
  Lair:2: 661 daAuts
     D:4: 649 daAuts
     D:6: 638 daAuts
     D:5: 596 daAuts
